Map: Efflorescence EC

Players

Coli

  • Race: Zerg Zerg
  • League: Gold
  • Spawn Location: 12:00

WPenguin

  • Race: Zerg Zerg
  • Spawn Location: 3:00

Warhearted - Winner!

  • Race: Protoss Protoss
  • League: Bronze
  • Spawn Location: 9:00

Midrykaly - Winner!

  • Race: Zerg Zerg
  • League: Gold
  • Spawn Location: 6:00

VOD

Have the link to the VOD?

Description

Time

  • Played on: Feb. 18, 2021, 3:14 p.m.
  • Length: 7:17
Show
View Real Time Build Order
Export as new Build Order

Coli Zerg 

Build Orders: Hatch First 

Get SALT Encoding   

  12  0:02  Drone  
  13  0:13  Overlord  
  13  0:21  Drone  
  14  0:31  Drone x2  
  16  0:39  Drone  
  17  0:58  Hatchery  
  17  0:59  Drone  
  17  1:02  Drone  
  18  1:16  Extractor  
  17  1:20  Spawning Pool  
  17  1:23  Drone  
  17  1:24  Drone  
  18  1:39  Drone  
  19  1:47  Overlord  
  19  2:08  Zergling x2  
  19  2:09  Zergling x2, Queen  
  19  2:10  Queen  
  19  2:13  Drone  
  19  2:14  Drone  
  27  2:28  Drone x2  
  29  2:35  Drone  
  29  2:36  Drone  
  31  2:49  Drone x2  
  33  2:56  Drone x2  
  35  3:08  Overlord  
  35  3:18  Drone  
  36  3:26  Drone x4, Queen x2  
  44  3:41  Overlord x3  
  44  3:58  Spine Crawler  
  44  4:00  Spine Crawler  
  44  4:01  Queen  
  44  4:02  Spine Crawler  
  44  4:05  Zergling x18  
  50  4:18  Zergling x2  
  50  4:19  Zergling x6  
Show
View Real Time Build Order
Export as new Build Order

WPenguin Zerg 

Build Orders: Hatch First 

Get SALT Encoding   

  12  0:01  Drone  
  13  0:13  Overlord  
  13  0:20  Drone  
  14  0:31  Drone x2  
  16  0:43  Drone  
  17  0:50  Drone  
  18  1:00  Hatchery  
  18  1:01  Drone  
  18  1:05  Extractor  
  18  1:08  Drone  
  18  1:19  Drone  
  19  1:27  Spawning Pool  
  19  1:32  Drone  
  19  1:49  Drone  
  19  1:52  Drone  
  21  2:08  Drone  
  22  2:13  Overlord x2  
  22  2:17  Extractor  
  22  2:18  Metabolic Boost  
  22  2:19  Queen  
  23  2:22  Queen  
  23  2:25  Drone  
  26  2:33  Drone  
  27  2:48  Drone x2  
  29  2:52  Drone x2  
  29  2:57  Drone x2  
  29  2:58  Queen  
  35  3:06  Spine Crawler  
  34  3:13  Drone x2  
  36  3:23  Spore Crawler  
  36  3:24  Drone  
  36  3:25  Drone  
  37  3:30  Drone x4  
  41  3:37  Lair  
  41  3:44  Zergling x6  
  44  3:53  Spine Crawler  
  44  3:55  Zergling x2  
  44  3:56  Overlord x2  
  44  4:14  Zergling x8  
  46  4:24  Zergling x4  
  46  4:25  Zergling x10  
  46  4:30  Queen  
  51  4:52  Zergling x12  
  56  4:56  Zergling x2  
  53  5:04  Zergling x2  
  53  5:10  Zergling x2  
  53  5:11  Zergling x6  
  57  5:26  Zergling x6  
  50  5:32  Spire  
  50  5:33  Zergling x2  
  44  5:54  Zergling x10  
  44  5:55  Zergling x4  
  46  6:07  Zergling x12  
  46  6:08  Zergling x2  
  51  6:24  Zergling x8  
  42  6:40  Drone  
  42  6:41  Zergling x4  
  42  6:50  Spine Crawler  
  38  6:55  Zergling x2  
  38  6:56  Zergling x4  
Show
View Real Time Build Order
Export as new Build Order

Warhearted Protoss - Winner!

Build Orders:  

Get SALT Encoding   

  12  0:01  Probe (Chrono Boost)  
  13  0:21  Probe  
  13  0:27  Pylon  
  14  0:34  Probe  
  15  0:48  Pylon  
  15  0:54  Probe  
  16  1:09  Gateway  
  16  1:11  Gateway  
  16  1:17  Forge  
  16  1:20  Probe  
  17  1:42  Gateway  
  17  1:57  Zealot  
  17  1:58  Zealot  
  21  2:09  Photon Cannon  
  21  2:22  Pylon  
  21  2:24  Zealot  
  21  2:25  Zealot  
  27  2:30  Zealot  
  29  2:53  Zealot (Chrono Boost)  
  29  2:54  Zealot (Chrono Boost)  
  29  2:57  Zealot (Chrono Boost)  
  33  3:13  Zealot (Chrono Boost)  
  33  3:14  Zealot (Chrono Boost)  
  33  3:16  Zealot (Chrono Boost)  
  39  3:35  Pylon  
  39  3:53  Zealot x3  
  45  4:21  Zealot  
  47  4:45  Zealot  
  47  4:49  Zealot  
  47  4:52  Zealot  
  47  4:53  Pylon  
  47  4:54  Pylon  
  43  5:13  Zealot  
  43  5:29  Zealot x2  
  47  5:40  Zealot  
  45  6:09  Zealot (Chrono Boost)  
  45  6:10  Zealot (Chrono Boost)  
  51  6:12  Zealot (Chrono Boost)  
  51  6:28  Zealot (Chrono Boost)  
Show
View Real Time Build Order
Export as new Build Order

Midrykaly Zerg - Winner!

Build Orders: Pool First 

Get SALT Encoding   

  12  0:01  Drone  
  13  0:13  Overlord  
  13  0:18  Drone  
  14  0:31  Drone  
  14  0:32  Drone  
  14  0:35  Drone  
  17  0:46  Spawning Pool  
  17  0:50  Drone  
  17  1:13  Hatchery  
  16  1:18  Drone x2  
  16  1:21  Drone  
  19  1:43  Hatchery  
  18  1:56  Drone x2  
  20  2:07  Drone  
  21  2:24  Hatchery  
  20  2:39  Hatchery  
  19  2:49  Zergling x10  
  24  2:53  Zergling x2  
  25  3:04  Zergling x2  
  25  3:05  Zergling x4  
  28  3:16  Zergling x6  
  31  3:24  Zergling x6  
  34  3:32  Overlord x2  
  34  3:38  Zergling x6  
  37  3:50  Zergling x2  
  37  3:51  Zergling x6  
  41  4:00  Zergling x8  
  45  4:15  Zergling x2  
  45  4:16  Zergling x10  
  40  4:39  Zergling x6  
  40  4:40  Zergling x10  
  45  4:51  Zergling x2  
  45  4:52  Zergling x6  
  34  5:25  Zergling x2  
  34  5:26  Zergling x22  
  45  5:49  Zergling x2  
  38  5:50  Zergling x16  
  40  6:08  Zergling x12  
  41  6:30  Zergling x2  
  41  6:31  Zergling x14  
  38  6:42  Zergling x2  
  38  6:43  Zergling x6  
Tags
 
Add a new tag
Caveats
  • Supply blocks, unpowered buildings, or Contaminate may cause inaccurate times.
  • Supply counts are checked every 10 seconds.